cohdb
Replays
Latest Replays
All Replays
Popular Replays
Top Player Replays
Match Explorer
How It Works
Community
CoH3 Stats
Reddit
Sign in to upload your games and track your stats! →
Sign in with Steam
Match 45403722
Unlisted
Match 45403722
Overview
Messages
Build Orders
End
Construct Barracks
Selects Special Operations Battlegroup
Scout Squad
Construct Weapon Support Center
Bazooka Squad
M1919 Machine Gun Team
Bazooka Squad
M1919 Machine Gun Team
M1919 Machine Gun Team
Selects M29 Weasel with M1 Pack Howitzer
Construct Medical Station
Air Support Center
M29 Weasel with M1 Pack Howitzer
P-47 Dive Bomb
Air Supply
Double Sortie
M1919 Machine Gun Team
Grasshopper Recon Run
Construct Tank Depot
M1919 Machine Gun Team
P-47 Dive Bomb
P-47 Strafing Run
Selects P-47 Anti-Infantry Loiter
Selects UNKNOWN (2162291)
M4A1 Sherman Whizbang
Grasshopper Recon Run
M4A1 Sherman Whizbang
M3 Armored Personnel Carrier
M1919 Machine Gun Team
P-47 Strafing Run
Grasshopper Recon Run
P-47 Dive Bomb
Jm200092
318th SUPPRT Legion
Hoguma
gooood
粉红胡子哥战士
OMG …(⊙_⊙;)… (TH)
FAT G
武器大师
0
0
Comments
sign in to comment!
No comments posted yet!